 Dungeon Crawl Stone Soup version 0.30-a0-29-g142975f185 (webtiles) character file.

Game seed: 10432594092980849472

60 Spectrina the Sneak (level 3, -1/22 HPs)
             Began as a Deep Elf Monk on Aug 27, 2022.
             Frozen to death by an endoplasm (2 damage)
             ... on level 2 of the Dungeon.
             The game lasted 00:07:20 (1065 turns).

Spectrina the Sneak (Deep Elf Monk)                 Turns: 1065, Time: 00:07:21

Health: -1/22      AC:  2    Str:  8    XL:     3   Next: 82%
Magic:  5/5        EV: 13    Int: 16    God:
Gold:   64         SH:  5    Dex: 17    Spells: 2/2 levels left

rFire   + . .      SeeInvis .    d - +1 dagger (venom)
rCold   + . .      Faith    .    (no shield)
rNeg    . . .      Spirit   .    b - +0 robe
rPois   +          Reflect  +    (no helmet)
rElec   +          Harm     .    j - scarf {shadows}
rCorr   +          Rampage  .    (no gloves)
Will    .....                    (no boots)
Stlth   +++.......               c - amulet of reflection
HPRegen 0.07/turn                (no ring)
MPRegen 0.09/turn                (no ring)

@: resistant
A: no striking features
a: no special abilities


You were on level 2 of the Dungeon.
You visited 1 branch of the dungeon, and saw 3 of its levels.

You collected 64 gold pieces.

Inventory:

Hand Weapons
 a - a +0 short sword
 d - a +1 dagger of venom (weapon)
 f - a +0 sling
Armour
 b - a +0 robe (worn)
 g - a +0 cloak
 j - a scarf of shadows (worn)
Jewellery
 c - an amulet of reflection (around neck)
Scrolls
 h - a scroll of identify {unknown}
 i - a scroll of immolation {unknown}
 n - a scroll of poison {unknown}
Potions
 k - 2 potions of cancellation
 m - a potion of haste


   Skills:
 - Level 2.4 Fighting
 - Level 3.0 Short Blades
 - Level 3.6 Dodging
 + Level 5.5 Stealth


You had 2 spell levels left.
You didn't know any spells.
Your spell library contained the following spells:

 Spells                   Type           Power      Damage    Failure   Level
 Ozocubu's Armour         Ice            0%         N/A       58%         3
 Metabolic Englaciation   Hex/Ice        0%         N/A       100%        5
 Simulacrum               Ice/Necr       0%         N/A       100%        6


Dungeon Overview and Level Annotations

Branches:
Dungeon (3/15)

Altars:


Message History

The bat is moderately wounded.
The bat barely misses you. The bat hits you but does no damage.
The bat attacks as you move away! The bat barely misses you.
Found 8 gold pieces.
You kill the bat!
The goblin shoots a sling bullet.
The sling bullet misses you.
The goblin shoots a sling bullet.
The sling bullet misses you.
The endoplasm quivers.
You hit the endoplasm.
The endoplasm is lightly wounded.
The endoplasm hits you.
You hit the endoplasm.
The endoplasm is severely wounded.
You barely miss the endoplasm.
The endoplasm is severely wounded.
The endoplasm freezes you.
You are frozen.
* * * LOW HITPOINT WARNING * * *
It was a potion of resistance.
You feel protected. The endoplasm freezes you.
You are frozen.
You resist.
* * * LOW HITPOINT WARNING * * *
A rat comes into view.
You hit the endoplasm.
The endoplasm is almost dead.
The endoplasm freezes you.
You are frozen.
You resist.
* * * LOW HITPOINT WARNING * * *
You hit the endoplasm but do no damage.
The endoplasm is almost dead.
The endoplasm freezes you.
You are frozen.
You resist.
* * * LOW HITPOINT WARNING * * *
Okay, then.
You barely miss the endoplasm.
The endoplasm is almost dead.
The endoplasm freezes you.
You are frozen.
You resist.
You die...

#...##.......#.#.## ..
#.
##.#...............##..
#
^.<####.......#.#....$.
...............##...#..
########....#(###......
#................ #
#..####. #.#J.. #..# #.
#.#..# ##### #..#
#.##@#..# ....# #..#
..#J#..# ###.# #.>#
#.#gr..### #.#
#..#####.#.##...# #.#
#.............#.# #.#
##.........#### # #.#
#######.#.# #.# ^^.....
###.##### .^_.?.###


You could see an endoplasm, a goblin and a rat.

Vanquished Creatures
  2 adders (D:2)
  3 dart slugs
  An endoplasm (D:1)
  4 giant cockroaches
  2 goblins
  3 hobgoblins
  3 quokkas (D:1)
  3 ball pythons (D:1)
  5 bats
  A frilled lizard (D:2)
  5 kobolds
  4 rats
36 creatures vanquished.

Notes
Turn   | Place    | Note
-------+----------+-------------------------------------------
     0 | D:1      | Spectrina the Deep Elf Monk began the quest for the Orb.
     0 | D:1      | Reached XP level 1. HP: 13/13 MP: 3/3
    74 | D:1      | Reached skill level 3 in Stealth
   113 | D:2      | Reached XP level 2. HP: 14/18 MP: 4/4
   167 | D:1      | Reached skill level 4 in Stealth
   622 | D:2      | Reached XP level 3. HP: 6/22 MP: 5/5
   629 | D:2      | HP: 1/22 [kobold/stone (2)]
   895 | D:2      | Reached skill level 5 in Stealth
  1033 | D:2      | Found a faded altar of an unknown god.
  1064 | D:2      | HP: 1/22 [frozen (1)]
  1065 | D:2      | Frozen to death by an endoplasm

Illustrated notes

Levels and vault maps discovered:
D:1:      minmay_arrival_loop, layout_loops_ring
D:2:      layout_loops_ring, ebering_ecumenical_altar_webs, serial_shops,
          nicolae_shop_crystal, eino_curves_01, minmay_circled_x
D:3:      layout_loops_corners, corexii_corridor_pit,
          chequers_serial_rivers_micro_d, nrook_loot_triangle,
          kennysheep_generic_room_6

Skill      XL: |  1  2  3 |
---------------+----------+-----
Stealth        | 3 4 5 |  5.5
Fighting       | |  2.4
Short Blades   | |  3.0
Dodging        | |  3.6

Action                   || total
-------------------------++-------
Melee: Short sword       ||   140
       Dagger            ||    26
       Punch             ||     1
  Use: Potion            ||     5
       Scroll            ||     2
 Stab: Sleeping          ||     5
Armor: Robe              ||    46
Dodge: Dodged            ||   135
Block: Other             ||    12
       Reflection        ||     1

Table legend: (Time is in decaauts)
 A = Elapsed time spent in this place.
 B = Non-inter-level travel time spent in this place.
 C = Inter-level travel time spent in this place.
 D = Time resting spent in this place.
 E = Time spent auto-exploring this place.
 F = Levels seen in this place.
 G = Mean time per level.
                   A        B        C        D        E       F      G
               +--------+--------+--------+--------+--------+-----+--------+
         Total |   1032 |   1019 |     13 |      0 |      0 |   3 |  344.0 |
       Dungeon |   1032 |   1019 |     13 |      0 |      0 |   3 |  344.0 |
               +--------+--------+--------+--------+--------+-----+--------+

Top non-repeatable levels by time:
     D:1: 554 daAuts
     D:2: 463 daAuts
     D:3: 15 daAuts
